 Dungeon Crawl Stone Soup version 0.30-a0-585-g93115170b9 (webtiles) character file.

Game seed: 5461887797676304850

76 wormed the Slasher (level 3, -5/30 HPs)
             Began as a Demigod Gladiator on Jan 2, 2023.
             Slain by Crazy Yiuf
             ... wielding a +2 quarterstaff of chaos
              (10 damage)
             ... on level 2 of the Dungeon.
             The game lasted 00:01:13 (1562 turns).

wormed the Slasher (Demigod Gladiator)              Turns: 1562, Time: 00:01:14

Health: -5/30      AC:  4    Str: 15    XL:     3   Next: 89%
Magic:  5/5        EV: 13    Int: 10    God:
Gold:   59         SH:  0    Dex: 19    Spells: 2/2 levels left

rFire   . . .      SeeInvis .    a - +0 long sword
rCold   . . .      Faith    .    (no shield)
rNeg    . . .      Spirit   .    b - +0 leather armour
rPois   .          Reflect  .    c - +0 helmet
rElec   .          Harm     .    (no cloak)
rCorr   .          Rampage  .    (no gloves)
Will    .....                    (no boots)
Stlth   +                        (no amulet)
HPRegen 0.25/turn                (no ring)
MPRegen 0.09/turn                (no ring)

@: lethally poisoned (-5 -> -13)
A: high MP 1, forlorn, divine attributes
a: no special abilities


You were on level 2 of the Dungeon.
You visited 1 branch of the dungeon, and saw 2 of its levels.

You collected 59 gold pieces.

Inventory:

Hand Weapons
 a - a +0 long sword (weapon)
Missiles
 d - 2 throwing nets (quivered)
 e - a javelin
Armour
 b - a +0 leather armour (worn)
 c - a +0 helmet (worn)
Jewellery
 m - an amulet of magic regeneration
 p - a ring of poison resistance
 s - a ring of flight
Scrolls
 h - 6 scrolls of identify {unknown}
 i - a scroll of poison {unknown}
 k - a scroll of noise {unknown}
 l - a scroll of fog {unknown}
 r - a scroll of amnesia {unknown}
Potions
 f - a potion of attraction {unknown}
 g - a potion of degeneration {unknown}
 j - 2 potions of heal wounds {unknown}
 n - 2 potions of brilliance {unknown}
 o - a potion of flight {unknown}
 q - a potion of mutation {unknown}


   Skills:
 + Level 2.5 Fighting
 * Level 3.7 Long Blades
 - Level 1.7 Throwing
 + Level 3.2 Dodging


You had 2 spell levels left.
You didn't know any spells.
Your spell library was empty.

Dungeon Overview and Level Annotations

Branches:
Dungeon (2/15)

Annotations:
D:2 Crazy Yiuf


Innate Abilities, Weirdness & Mutations

You have an increased reservoir of magic. (+10% MP)
You shall have no god before yourself.
Your divine heritage dramatically boosts your attributes as you level up.


Message History

Key pressed, stopping explore.
Found a spear.
You see here a +0 spear.
Found a stone staircase leading up.
You see here a +0 spear.
h - 6 scrolls labelled MAICUH TEOS (gained 2)
You open the door.
There is an open door here.
You see here a +0 hammer.
You see here a +0 hammer.
Crazy Yiuf shouts!
Crazy Yiuf cries, "Castle senile foot!"
Could not explore, unopened runed door.
Could not explore, unopened runed door.
Could not explore, unopened runed door.
As you open the door, it creaks loudly!
Crazy Yiuf grits, "Seed shoe Orb Guardian!"
You hit Crazy Yiuf but do no damage.
Crazy Yiuf hits you with a +2 quarterstaff of chaos!
Crazy Yiuf misses you.
You slash Crazy Yiuf!
Crazy Yiuf is moderately wounded.
Crazy Yiuf says, "East meccalolo pontify!"
Crazy Yiuf hits you with a +2 quarterstaff of chaos!
You are lethally poisoned!
You barely miss Crazy Yiuf.
Crazy Yiuf is moderately wounded.
* * * LOW HITPOINT WARNING * * *
You feel very sick. Crazy Yiuf closely misses you.
Okay, then.
Throw: 3 throwing nets
Press: ? - help, Q - select action, (/) - cycle Shift-Dir - straight line, f - Crazy Yiuf
Aim: Crazy Yiuf, wielding a +2 quarterstaff of chaos and wearing a +1 cloak of stealth (moderately wounded, 65% to hit)
You throw a throwing net.
The throwing net barely misses Crazy Yiuf.
* * * LOW HITPOINT WARNING * * *
You feel sick.
Crazy Yiuf hits you with a +2 quarterstaff of chaos!
You die...

........#..........# #........#.
..........>.)......# #......###.
...........##......# #......###.
........############ ##.....'''.
........# #.........
........####### #.........
.........#..#.### ### #.........
.......)).P..#..##...# #'#####...
.[........P.####@g..(# #...###...
##.......#.## ###..)# #....##...
#......#### ### #†...##...
#......# #....++... ##......#
#....##... ........######
########....##... #............#
#................
#............####.)..............
..+#.........#...........##...###


You could see Crazy Yiuf.

Vanquished Creatures
  Jessica (D:2)
  A worm (D:2)
  A dart slug (D:2)
  9 ball pythons
  2 bats
  8 endoplasms
  2 giant cockroaches
  6 goblins
  3 kobolds
  3 quokkas
  2 frilled lizards
  2 rats (D:1)
40 creatures vanquished.

Notes
Turn   | Place    | Note
-------+----------+-------------------------------------------
     0 | D:1      | wormed the Demigod Gladiator began the quest for the Orb.
     0 | D:1      | Reached XP level 1. HP: 17/17 MP: 3/3
   188 | D:1      | Reached XP level 2. HP: 19/24 MP: 4/4
   829 | D:2      | Reached XP level 3. HP: 29/29 MP: 5/5
   981 | D:2      | Noticed Jessica
   987 | D:2      | Killed Jessica
  1250 | D:2      | Found a runed translucent door.
  1251 | D:2      | Noticed Crazy Yiuf
  1562 | D:2      | Slain by Crazy Yiuf

Illustrated notes

Levels and vault maps discovered:
D:1:      eino_arrival_cavern_d, layout_loops_ring
D:2:      layout_basic, uniq_crazy_yiuf_cottage, uniq_jessica

Skill      XL: |  1  2 |
---------------+-------+-----
Fighting       | 2 |  2.5
Long Blades    | 3 |  3.7
Dodging        | 3 |  3.2
Throwing       | |  1.7

Action                   || total
-------------------------++-------
Melee: Long sword        ||   117
Throw: Throwing net      ||     1
 Stab: Sleeping          ||     2
Armor: Leather armour    ||    28
Dodge: Dodged            ||    86

Table legend: (Time is in decaauts)
 A = Elapsed time spent in this place.
 B = Non-inter-level travel time spent in this place.
 C = Inter-level travel time spent in this place.
 D = Time resting spent in this place.
 E = Time spent auto-exploring this place.
 F = Levels seen in this place.
 G = Mean time per level.
                   A        B        C        D        E       F      G
               +--------+--------+--------+--------+--------+-----+--------+
         Total |   1589 |   1567 |     22 |      0 |   1284 |   2 |  794.5 |
       Dungeon |   1589 |   1567 |     22 |      0 |   1284 |   2 |  794.5 |
               +--------+--------+--------+--------+--------+-----+--------+

Top non-repeatable levels by time:
     D:1: 825 daAuts
     D:2: 764 daAuts
